 Dungeon Crawl Stone Soup version 0.32-a0-22-g6ae6769602 (webtiles) character file.

Game seed: 14741664472606740136

10659 munkybalat the Thaumaturge (level 11, -13/70 HPs)
             Began as a Demonspawn Fire Elementalist on Jan 18, 2024.
             Was an Elder of Hepliaklqana.
             Mangled by an orc knight
             ... wielding a +1 great mace
              (26 damage)
             ... on level 1 of the Orcish Mines.
             The game lasted 00:20:03 (13622 turns).

munkybalat the Thaumaturge (DsFE)                  Turns: 13622, Time: 00:20:04

Health: -13/70     AC: 14    Str:  6    XL:     11   Next: 39%
Magic:  9/25       EV: 16    Int: 19    God:    Hepliaklqana [****..]
Gold:   1100       SH:  0    Dex: 14    Spells: 23/30 levels left

rFire   + . .        D - +6 trident of Friendship {freeze, rC+++ rCorr Stlth-}
rCold   + + +        (no shield)
rNeg    + + +        C - +2 leather armour {rPois}
rPois   +            (helmet restricted)
rElec   .            h - +0 cloak
rCorr   +            F - +0 pair of gloves
SInv    .            Z - +0 pair of boots
Will    .....        (no amulet) Stlth
                     H - ring of Miracles {rF+ rN+++ AC+4 Str-3 Stlth-}
HPRegen 4.31/turn    e - +5 ring of evasion
MPRegen 0.19/turn

%: no passive effects
@: no status effects
A: reduced essence, horns 2, powered by death 3, spiny 2, sharp scales 1
a: Renounce Religion, Recall Ancestor, Ancestor Identity, Transference, Idealise


You were on level 1 of the Orcish Mines.
You worshipped Hepliaklqana.
Hepliaklqana was greatly pleased with you.
You visited 3 branches of the dungeon, and saw 13 of its levels.

You collected 1100 gold pieces.

Inventory:

Hand Weapons
 D - the +6 trident of Friendship (weapon) {freeze, rC+++ rCorr Stlth-}
   (You found it on level 5 of the Dungeon)

   rC+++:     It renders you almost immune to cold.
   rCorr:     It protects you from acid and corrosion.
   Stlth-:    It makes you less stealthy.
Missiles
 p - 2 throwing nets
Armour
 h - a +0 cloak (worn)
 C - a +2 leather armour of poison resistance (worn)
 F - a +0 pair of gloves (worn)
 T - a +0 troll leather armour
 Z - a +0 pair of boots (worn)
Jewellery
 c - a +4 ring of protection
 e - a +5 ring of evasion (right hand)
 k - a +6 ring of intelligence
 o - a +6 ring of intelligence
 q - a ring of see invisible
 w - a ring of fire
 H - the ring of Miracles (left hand) {rF+ rN+++ AC+4 Str-3 Stlth-}
   (You found it on level 6 of the Dungeon)

   [ring of protection]

   AC+4:      It affects your AC (+4).
   Str-3:     It affects your strength (-3).
   rF+:       It protects you from fire.
   rN+++:     It renders you almost immune to negative energy.
   Stlth-:    It makes you less stealthy.
 M - a ring of willpower
 P - a ring of protection from cold
 U - an amulet of faith
 V - a ring of resist corrosion
Talismans
 J - a dragon-blood talisman
Wands
 a - a wand of roots (2)
 y - a wand of light (8)
 K - a wand of flame (16)
 L - a wand of paralysis (22)
Scrolls
 d - a scroll of noise {unknown}
 i - 2 scrolls of vulnerability
 j - a scroll of fog
 l - 2 scrolls of blinking
 m - a scroll of poison
 t - 3 scrolls of enchant weapon
 x - 2 scrolls of brand weapon
 G - a scroll of silence
 I - 3 scrolls of fear
 N - 2 scrolls of teleportation
 O - 2 scrolls of enchant armour {unknown}
 R - 3 scrolls of revelation
 S - a scroll of amnesia {unknown}
 Y - a scroll of acquirement {unknown}
Potions
 b - a potion of magic
 f - 2 potions of berserk rage {unknown}
 n - a potion of mutation {unknown}
 r - 5 potions of curing {unknown}
 s - 3 potions of degeneration {unknown}
 u - 2 potions of brilliance {unknown}
 z - a potion of haste {unknown}
 A - 2 potions of heal wounds {unknown}
 B - 2 potions of lignification {unknown}
 E - a potion of might {unknown}
 Q - a potion of resistance {unknown}
 W - a potion of ambrosia {unknown}
 X - a potion of cancellation {unknown}


   Skills:
 + Level 4.6 Fighting
 + Level 5.1 Polearms
 + Level 5.8 Armour
 - Level 1.7 Dodging
 - Level 1.7 Stealth
 + Level 10.3 Spellcasting
 * Level 7.9 Conjurations
 * Level 6.9 Fire Magic


You had 23 spell levels left.
You knew the following spells:

 Your Spells              Type           Power      Damage    Failure   Level
a - Foxfire               Conj/Fire      100%       2x1d9     1%          1
b - Scorch                Fire           72%        2d8       1%          2
c - Flame Wave            Conj/Fire      38%        2d10      4%          4

Your spell library contained the following spells:

 Spells                   Type           Power      Damage    Failure   Level
 Magic Dart               Conj           100%       1d8       1%          1
 Inner Flame              Hex/Fire       23%        N/A       8%          3
 Volatile Blastmotes      Fire/Tloc      46%        2d13      8%          3
 Apportation              Tloc           18%        N/A       11%         1
 Slow                     Hex            36%        N/A       11%         1
 Blink                    Tloc           18%        N/A       16%         2
 Call Imp                 Summ           18%        N/A       16%         2
 Jinxbite                 Hex            18%        N/A       16%         2
 Confusing Touch          Hex            9%         N/A       32%         3
 Sigil of Binding         Hex            9%         N/A       32%         3
 Vampiric Draining        Necr           9%         2d6       32%         3
 Irradiate                Conj/Alch      12%        3d15      50%         5
 Starburst                Conj/Fire      19%        6d7       58%         6
 Alistair's Intoxication  Alch           6%         N/A       96%         5
 Plasma Beam              Fire/Air       11%        2x1d22    98%         6
 Ignition                 Fire           18%        3d7       100%        8


Dungeon Overview and Level Annotations

Branches:
Dungeon (11/15)            Temple (1/1) D:5            Lair (0/5) D:11
    Orc (1/2) D:11

Altars:
Ashenzari
Cheibriados
Dithmenos
Fedhas
Gozag
Hepliaklqana
Kikubaaqudgha
Makhleb
Nemelex Xobeh
Okawaru
Qazlal
Ru
Sif Muna
Trog
Uskayaw
Vehumet
Wu Jian
Xom
Yredelemnul

Shops:
D:9 *:

Annotations:
Orc:1 1 transporter


Innate Abilities, Weirdness & Mutations

Your life essence is reduced to manifest your ancestor. (-10% HP)
You have a pair of horns on your head.
You regenerate a lot of health from kills.
You are mostly covered in sharp spines.
You are partially covered in razor-sharp scales. (AC +1, Slay +1)


Message History

Flames lash the orc knight.
The orc knight is burned terribly!
The orc knight is heavily wounded.
The orc knight closely misses you.
Henutemipet barely misses the orc knight.
Unknown command.
Casting: Scorch (safe; 1% risk of failure)
Confirm with . or Enter, or press ? or * to list all spells.
Flames lash the orc knight.
The orc knight is burned terribly!
The orc knight is severely wounded.
The orc knight hits you with a +1 great mace!
Unknown command.
Casting: Scorch (safe; 1% risk of failure)
Confirm with . or Enter, or press ? or * to list all spells.
Flames lash the orc knight.
The orc knight is burned terribly!
The orc knight is severely wounded.
Henutemipet hits the orc knight with a +0 flail.
The orc knight roars a battlecry!
The orc goes into a battle-frenzy!
Henutemipet blocks the orc's attack.
Casting: Scorch (safe; 1% risk of failure)
Confirm with . or Enter, or press ? or * to list all spells.
Casting: Flame Wave (dangerous; 4% risk of failure)
Press: ? - help, Dir - look around, f - activate A wave of flame ripples out!
The flame wave engulfs the orc knight!
The orc knight is burned terribly!
The orc knight is almost dead.
Henutemipet avoids your attack. (Press . to intensify the flame waves.)
The orc knight hits you with a +1 great mace!!
* * * LOW HITPOINT WARNING * * *
Henutemipet blocks the orc's attack.
Henutemipet closely misses the orc knight.
Unknown command.
Unknown command.
A wave of flame ripples out!
The flame wave engulfs the orc knight.
The orc knight is almost dead.
Henutemipet avoids your attack.
The flame wave engulfs the orc!
You kill the orc!
The orc knight hits you with a +1 great mace!!
You die...

####......#...#...#.... #
#.#...##.....##.......# ## ###
###.)#.#.......##....#.# .###.###
#....####....#####...###
.##....###......###...###......##
####........#..##.......##.....#.
# ###.....###..)[).#...#.^......
# ##.....## ##..R.##.......##...
# ##.......###.#@o.###...#R#.#...
###.....#...####..## #####.......
##.#.....#.## #### #......#..
#...........# ###...###.
.........#..## ##...###
.........#...# #.#....
......#.###.## ####...
.........#### #... ##########
##..


You could see the friendly Henutemipet the knight and an orc knight
(combustible, ally target).

Vanquished Creatures
  2 two-headed ogres
  A cyclops (D:11)
  An orc knight (D:11)
  5 trolls
  Prince Ribbit (D:7)
  2 shadows
  4 yaks (D:10)
  A wyvern (D:8)
  4 vampire mosquitoes (D:10)
  A warg (Orc:1)
  2 water moccasins (D:8)
  6 orc warriors
  A sky beast (D:7)
  A black bear (D:5)
  2 wolves (D:11)
  4 ogres
  2 centaurs
  2 phantoms
  A kobold brigand (D:8)
  3 bullfrogs
  2 gnoll sergeants
  4 scorpions
  3 wights (D:9)
  4 killer bees (D:9)
  4 howler monkeys
  4 electric eels (D:11)
  A bombardier beetle (D:5)
  11 hounds
  A jelly (D:5)
  A gnoll bouda (D:8)
  An orc priest (D:7)
  4 iguanas
  A sleepcap (D:5)
  Ijyb (D:4)
  Terence (D:2)
  5 orc wizards
  19 gnolls
  10 adders
  2 white imps
  2 dart slugs
  2 ribbon worms
  30 orcs
  5 ball pythons
  5 bats
  6 endoplasms
  3 giant cockroaches
  6 goblins
  4 hobgoblins
  8 jackals
  10 kobolds
  5 quokkas
  3 frilled lizards
  4 rats
218 creatures vanquished.

Vanquished Creatures (collateral kills)
  A two-headed ogre (D:11)
  A cyclops (D:11)
  A wraith (D:10)
  An acid dragon (D:8)
  An orc warrior (Orc:1)
  A gnoll sergeant (D:11)
  A bullfrog (D:9)
  2 wights (D:9)
  An electric eel (D:11)
  A sleepcap (D:6)
  An orc wizard (D:7)
  5 gnolls
  7 orcs
  A kobold (D:8)
25 creatures vanquished.

Vanquished Creatures (others)
  4 knights
  5 ancestors
  An endoplasm (D:3)
  802 foxfires
812 creatures vanquished.

Grand Total: 1055 creatures vanquished

Notes
Turn   | Place    | Note
-------+----------+-------------------------------------------
     0 | D:1      | munkybalat the Demonspawn Fire Elementalist began the quest
                  | for the Orb.
     0 | D:1      | Reached XP level 1. HP: 13/13 MP: 3/3
   356 | D:1      | Gained mutation: You are partially covered in sharp spines.
                  | [demonic ancestry]
   356 | D:1      | Reached XP level 2. HP: 19/19 MP: 0/5
  1084 | D:2      | Noticed a golden eye
  1092 | D:1      | Reached XP level 3. HP: 13/24 MP: 5/7
  1219 | D:1      | Reached skill level 3 in Spellcasting
  1355 | D:2      | Gained mutation: You regenerate a little health from kills.
                  | [demonic ancestry]
  1355 | D:2      | Reached XP level 4. HP: 22/30 MP: 3/9
  1358 | D:2      | Learned a level 2 spell: Scorch
  1363 | D:2      | Learned a level 4 spell: Flame Wave
  1627 | D:2      | Noticed Terence
  1632 | D:2      | Killed Terence
  1971 | D:2      | Noticed a golden eye
  1974 | D:2      | Noticed a great orb of eyes
  2031 | D:2      | Found a faded altar of an unknown god.
  2038 | D:2      | Noticed a shining eye
  2258 | D:2      | Reached skill level 4 in Spellcasting
  2258 | D:2      | Gained mutation: You regenerate health from kills. [demonic
                  | ancestry]
  2258 | D:2      | Reached XP level 5. HP: 35/35 MP: 4/11
  3569 | D:4      | Reached skill level 5 in Spellcasting
  3569 | D:4      | Gained mutation: You are mostly covered in sharp spines.
                  | [demonic ancestry]
  3569 | D:4      | Reached XP level 6. HP: 41/41 MP: 9/13
  3660 | D:4      | Found a hide-covered altar of Uskayaw.
  3661 | D:4      | Found a shadowy altar of Dithmenos.
  3662 | D:4      | Found an opulent altar of Gozag.
  4092 | D:4      | Noticed Ijyb
  4107 | D:4      | Killed Ijyb
  4399 | D:5      | Entered Level 5 of the Dungeon
  4411 | D:5      | Gained mutation: You regenerate a lot of health from kills.
                  | [demonic ancestry]
  4411 | D:5      | Reached XP level 7. HP: 45/46 MP: 8/15
  4471 | D:5      | Found a staircase to the Ecumenical Temple.
  4482 | Temple   | Entered the Ecumenical Temple
  4535 | Temple   | Became a worshipper of Hepliaklqana the Forgotten
  4612 | D:5      | Reached skill level 6 in Spellcasting
  4849 | D:5      | Reached skill level 1 in Armour
  5039 | D:5      | Identified the +6 trident of Friendship {freeze, rC+++
                  | rCorr Stlth-}
  5408 | D:5      | Gained mutation: You are partially covered in razor-sharp
                  | scales. (AC +1, Slay +1) [demonic ancestry]
  5408 | D:5      | Reached XP level 8. HP: 52/52 MP: 11/18
  5818 | D:6      | Identified the ring of Miracles {rF+ rN+++ AC+4 Str-3
                  | Stlth-}
  5908 | D:6      | Reached skill level 7 in Spellcasting
  5939 | D:6      | Reached skill level 5 in Conjurations
  6084 | D:6      | Reached * piety under Hepliaklqana
  7216 | D:7      | Noticed Prince Ribbit
  7220 | D:7      | Killed Prince Ribbit
  7221 | D:7      | Reached skill level 1 in Polearms
  7596 | D:7      | Reached XP level 9. HP: 51/51 MP: 1/20
  8498 | D:8      | Reached skill level 8 in Spellcasting
  8697 | D:8      | Reached skill level 5 in Fire Magic
  8913 | D:8      | Reached ** piety under Hepliaklqana
  9538 | D:9      | Noticed a troll
  9546 | D:9      | Killed a troll
  9606 | D:9      | Reached skill level 1 in Fighting
  9771 | D:9      | Found Pirat's Self-Published Books.
  9772 | D:9      | Noticed a two-headed ogre
  9777 | D:9      | Killed a two-headed ogre
  9861 | D:9      | Found Onuchiez's General Store.
  9930 | D:9      | Reached skill level 9 in Spellcasting
  9933 | D:9      | Gained mutation: You have a pair of small horns on your
                  | head. [demonic ancestry]
  9933 | D:9      | Reached XP level 10. HP: 60/60 MP: 21/23
  9943 | D:9      | Found a snail-covered altar of Cheibriados.
  9993 | D:9      | Remembered your ancestor Henutemipet as a knight
 10376 | D:10     | Entered Level 10 of the Dungeon
 10708 | D:10     | Reached *** piety under Hepliaklqana
 10762 | D:10     | Found an ornate altar of the Wu Jian Council.
 10878 | D:10     | Reached skill level 5 in Armour
 11050 | D:10     | Noticed a two-headed ogre
 11058 | D:10     | Killed a two-headed ogre
 11296 | D:10     | Found a sparkling altar of Nemelex Xobeh.
 11297 | D:10     | Found a broken altar of Ashenzari.
 11618 | D:11     | Noticed a cyclops
 11631 | D:11     | Killed a cyclops
 11632 | D:11     | Reached skill level 10 in Spellcasting
 11771 | D:11     | Found a staircase to the Lair.
 11793 | D:11     | Gained mutation: You have a pair of horns on your head.
                  | [demonic ancestry]
 11793 | D:11     | Reached XP level 11. HP: 43/69 MP: 20/25
 11905 | D:11     | Found a staircase to the Orcish Mines.
 11907 | D:11     | Noticed a +0 short sword
 11908 | D:11     | Noticed a +0 falchion
 11909 | D:11     | Noticed a +0 dagger
 11909 | D:11     | Noticed a +0 dagger
 11909 | D:11     | Noticed a +0 falchion
 11910 | D:11     | Noticed a +0 short sword
 11912 | D:11     | Noticed a +0 spear
 11913 | D:11     | Noticed a +0 spear
 11915 | D:11     | Found a hide-covered altar of Uskayaw.
 12297 | D:11     | Noticed a two-headed ogre
 12304 | D:11     | Killed a two-headed ogre
 12561 | Orc:1    | Entered Level 1 of the Orcish Mines
 13033 | Orc:1    | Reached skill level 5 in Polearms
 13130 | Orc:1    | Found a transporter.
 13147 | Orc:1    | Noticed an orc knight
 13247 | D:11     | Killed an orc knight
 13491 | Orc:1    | Reached **** piety under Hepliaklqana
 13537 | Orc:1    | Noticed an orc knight
 13622 | Orc:1    | Mangled by an orc knight

Illustrated notes

Levels and vault maps discovered:
D:1:      nzn_arrival_water_spiral, layout_loops_ring, minmay_statues_item
D:2:      layout_loops_ring, hellmonk_ecumenical_altar_watching_god,
          uniq_terence
D:3:      layout_rooms, lemuel_flame_loot_1
D:4:      layout_loops_ring, chequers_temple_overflow_statue_of_worship,
          grunt_decor_fettered, kennysheep_generic_room_9, uniq_ijyb
D:5:      layout_gridville, minmay_temple_entry_stoned_glass
D:6:      layout_basic
D:7:      layout_basic, roderic_nine_men_s_morris, uniq_prince_ribbit1
D:8:      layout_basic, grunt_tough_drop
D:9:      layout_roguey, mainiacjoe_overflow_six_doors_small, serial_shops,
          shop, nicolae_custom_books, lemuel_flamethrower_2
D:10:     layout_roguey, mainiacjoe_overflow_tiny_flanked, minitemple
D:11:     layout_basic, erik_lair_island, orc_0_dummy, nicolae_uskayaw_en_pointe
Temple:   regret_index_temple_waves
Orc:1:    emtedronai_trogs_sanctum, layout_diamond_mine

Skill      XL: |  1  2  3  4  5  6  7  8  9 10 11 |
---------------+----------------------------------+-----
Fire Magic     | 3 4 5 6 |  6.9
Spellcasting   | 3 4 5 6 7 9 10 | 10.3
Conjurations   | 2 3 4 5 6 7 |  7.9
Armour         | 2 3 4 5 |  5.8
Polearms       | 1 3 4 5 |  5.1
Fighting       | 2 4 |  4.6
Dodging        | |  1.7
Stealth        | |  1.7

Action                     |  1- 3 |  4- 6 |  7- 9 | 10-12 || total
---------------------------+-------+-------+-------+-------++-------
  Melee: Dagger            |    17 |    34 |       |       ||    51
         Unarmed           |     1 |       |       |       ||     1
         Trident           |       |       |    61 |    27 ||    88
   Cast: Foxfire           |    56 |   115 |   181 |   139 ||   491
         Scorch            |       |    23 |    53 |    57 ||   133
         Flame Wave        |       |       |       |     6 ||     6
 Invoke: Ancestor Life: Kn |       |       |       |     1 ||     1
         Recall Ancestor   |       |       |       |     1 ||     1
    Use: Scroll            |       |     5 |     3 |     2 ||    10
   Stab: Sleeping          |     1 |       |       |       ||     1
         Distracted        |       |       |       |     2 ||     2
 Armour: Robe              |    22 |    25 |       |       ||    47
         Leather armour    |       |     1 |    42 |    35 ||    78
  Dodge: Dodged            |    11 |    38 |    56 |    38 ||   143

Table legend: (Time is in decaauts)
 A = Elapsed time spent in this place.
 B = Non-inter-level travel time spent in this place.
 C = Inter-level travel time spent in this place.
 D = Time resting spent in this place.
 E = Time spent auto-exploring this place.
 F = Levels seen in this place.
 G = Mean time per level.
                   A        B        C        D        E       F      G
               +--------+--------+--------+--------+--------+-----+--------+
         Total |  13646 |  13287 |    359 |    571 |  10940 |  13 | 1049.7 |
       Dungeon |  12617 |  12289 |    328 |    434 |  10373 |  11 | 1147.0 |
        Temple |    110 |     80 |     30 |      0 |      0 |   1 |  110.0 |
  Orcish Mines |    918 |    918 |      0 |    137 |    567 |   1 |  918.0 |
               +--------+--------+--------+--------+--------+-----+--------+

Top non-repeatable levels by time:
    D:11: 1377 daAuts
     D:5: 1300 daAuts
     D:1: 1300 daAuts
     D:7: 1216 daAuts
     D:6: 1209 daAuts
     D:4: 1207 daAuts
     D:8: 1158 daAuts
     D:2: 1026 daAuts
     D:9: 995 daAuts
    D:10: 961 daAuts
   Orc:1: 918 daAuts
     D:3: 865 daAuts
  Temple: 110 daAuts
